 Dungeon Crawl Stone Soup version 0.27.0-1-g7a089689b8 (webtiles) character file.

Game seed: 11344009307414809639

72 inmateoo the Covered (level 4, 0/41 (42) HPs)
             Began as a Deep Dwarf Fighter on Aug 13, 2021.
             Slain by Crazy Yiuf (10 damage)
             ... on level 2 of the Dungeon.
             The game lasted 00:01:11 (1406 turns).

inmateoo the Covered (Deep Dwarf Fighter)           Turns: 1406, Time: 00:01:12

HP:   0/41 (42)     AC:  7    Str: 20    XL:     4   Next: 6%
MP:   4/4           EV:  7    Int:  9    God:
Gold: 69            SH:  9    Dex: 12    Spells: 3/3 levels left

rFire    . . .     SeeInvis .   a - +0 war axe
rCold    . . .     Faith    .   c - +0 kite shield
rNeg     . . .     Spirit   .   b - +0 scale mail
rPois    .         Reflect  .   (no helmet)
rElec    .         Harm     .   (no cloak)
rCorr    .         Rampage  .   (no gloves)
Will     .....                  (no boots)
Stlth    ..........             (no amulet)
HPRegen  0.00/turn              (no ring)
MPRegen  0.09/turn              (no ring)

@: mighty, lethally poisoned (0 -> 0), lightly drained
A: damage resistance, heal wounds, sense surroundings 1, no regeneration
a: Heal Wounds


You were on level 2 of the Dungeon.
You visited 1 branch of the dungeon, and saw 2 of its levels.

You collected 69 gold pieces.

Inventory:

Hand Weapons
 a - a +0 war axe (weapon)
Armour
 b - a +0 scale mail (worn)
 c - a +0 kite shield (worn)
Potions
 d - a potion of might
 e - a potion of haste
 g - a potion of flight {unknown}


   Skills:
 + Level 3.2 Fighting
 + Level 3.0 Axes
 + Level 3.9 Armour
 + Level 3.8 Shields


You had 3 spell levels left.
You didn't know any spells.
Your spell library contained the following spells:

 Spells                   Type           Power      Damage    Failure   Level
 Freeze                   Ice            0%         1d3       99%         1
 Frozen Ramparts          Ice            0%         1d2       100%        3
 Hailstorm                Conj/Ice       0%         3d3       100%        4


Dungeon Overview and Level Annotations

Branches:
Dungeon (2/15)

Altars:

Annotations:
D:2 Crazy Yiuf


Innate Abilities, Weirdness & Mutations

You are resistant to damage.
You can heal yourself by infusing magical energy.
You passively map a small area around you.
You do not regenerate.


Message History

No target in view!
Key pressed, stopping explore.
No target in view!
No reachable target in view!
Could not explore, unopened runed door.
No reachable target in view!
Could not explore, unopened runed door.
Could not explore, unopened runed door.
No reachable target in view!
You open the door.
Crazy Yiuf says, "Lugonu!"
You hit Crazy Yiuf.
Crazy Yiuf is lightly wounded.
Crazy Yiuf hits you with a +3 quarterstaff of chaos.
You feel drained.
Your scale mail prevents you from hitting Crazy Yiuf.
Crazy Yiuf is lightly wounded.
Crazy Yiuf closely misses you.
Crazy Yiuf hits you with a +3 quarterstaff of chaos!
You resist with some effort.
You are too injured to fight recklessly!
You hit Crazy Yiuf.
Crazy Yiuf is moderately wounded.
Crazy Yiuf hits you with a +3 quarterstaff of chaos.
Crazy Yiuf burns you.
You are too injured to fight recklessly!
You hit Crazy Yiuf but do no damage.
Crazy Yiuf is moderately wounded.
Crazy Yiuf says, "You forty-two testudinal!"
Crazy Yiuf barely misses you.
Crazy Yiuf hits you with a +3 quarterstaff of chaos.
* * * LOW HITPOINT WARNING * * *
You are poisoned.
You feel very mighty all of a sudden. Crazy Yiuf barely misses you.
You slash Crazy Yiuf!
Crazy Yiuf is heavily wounded.
Crazy Yiuf closely misses you.
Crazy Yiuf hits you with a +3 quarterstaff of chaos!
You die...

........##.###....####....##
...######..# ##..## #...##
...........# #PP.P# #####
...#.......# #..P##
.#†#......## ##.##
......###..# #.## )....##
#### ##.# ......### #.##
........# ##@# .....##.####
#g# ...........# *...
......###..# #...#
...........# #..)#
.....#####.# ##### ####
<)..(......# #..########
.....####..#######
###........#
.................#
##.#........#


You could see Crazy Yiuf.

Vanquished Creatures
  An adder (D:2)
  A worm (D:2)
  A dart slug (D:2)
  2 orcs (D:2)
  11 ball pythons
  7 bats
  3 endoplasms
  3 giant cockroaches
  3 goblins
  2 hobgoblins
  4 jackals (D:1)
  4 kobolds
  4 quokkas
  2 frilled lizards (D:1)
  4 rats
52 creatures vanquished.

Notes
Turn   | Place    | Note
-------+----------+-------------------------------------------
     0 | D:1      | inmateoo the Deep Dwarf Fighter began the quest for the
                  | Orb.
     0 | D:1      | Reached XP level 1. HP: 20/20 MP: 1/1
   360 | D:1      | Reached XP level 2. HP: 13/27 MP: 2/2
   835 | D:1      | Reached XP level 3. HP: 29/34 MP: 3/3
   892 | D:1      | Found a faded altar of an unknown god.
  1188 | D:2      | Found a runed translucent door.
  1189 | D:2      | Noticed Crazy Yiuf
  1242 | D:2      | Reached XP level 4. HP: 34/42 MP: 4/4
  1406 | D:2      | Slain by Crazy Yiuf

Illustrated notes

Levels and vault maps discovered:
D:1:      dpeg_arrival_castle, layout_basic, chequers_ecumenical_altar_twisty,
          st_stairs_1
D:2:      layout_rooms, chequers_serial_rivers_small_a,
          chequers_serial_rivers_room_b, uniq_crazy_yiuf_cottage

Skill      XL: |  1  2  3 |
---------------+----------+-----
Fighting       | 3 |  3.2
Axes           | 3 |  3.0
Armour         | |  3.9
Shields        | |  3.8

Action                   |  1- 3 |  4- 6 || total
-------------------------+-------+-------++-------
Melee: War axe           |   112 |    10 ||   122
 Abil: Heal Wounds       |     1 |       ||     1
  Use: Scroll            |     4 |       ||     4
       Potion            |       |     1 ||     1
Armor: Scale mail        |    58 |     1 ||    59
Dodge: Dodged            |    57 |     6 ||    63
Block: Kite shield       |    64 |     6 ||    70
